 Dungeon Crawl Stone Soup version 0.19.0-2-gae57169 (webtiles) character file.

100 thirtiethelement the Sneak (level 4, -5/31 HPs)
             Began as an Octopode Wanderer on Nov 6, 2016.
             Slain by an orc
             ... wielding a +0 flail
              (10 damage)
             ... on level 2 of the Dungeon.
             The game lasted 00:11:44 (1629 turns).

thirtiethelement the Sneak (Octopode Wanderer)      Turns: 1629, Time: 00:11:45

Health: -5/31      AC: -2    Str: 13    XL:     4   Next: 73%
Magic:  9/9        EV: 12    Int: 13    God:
Gold:   158        SH:  3    Dex: 11    Spells: 1 memorised, 8 levels left

rFire  . . .     SeeInvis .     a - +0 spear
rCold  . . .     Gourm    .     d - +0 buckler
rNeg   . . .     Faith    .     (helmet restricted)
rPois  .         Spirit   .     (no amulet)
rElec  .         Reflect  .     n - -3 ring of protection (curse)
rCorr  .         Harm     .     (no ring)
MR     .....                    (no ring)
Stlth  +++.......               (no ring)
                                (no ring)
                                (no ring)
                                (no ring)
                                (no ring)

@: no status effects
A: almost no armour, stealthy swim, amphibious, 8 rings, constrict 8, camouflage
1, gelatinous body 1
a: no special abilities


You were on level 2 of the Dungeon.
You were not hungry.

You visited 1 branch of the dungeon, and saw 3 of its levels.

You collected 158 gold pieces.

Inventory:

Hand Weapons
 a - a +0 spear (weapon)
 l - a +2 whip of venom
Missiles
 e - 38 arrows
 m - 18 bolts
 q - 7 tomahawks (quivered)
Armour
 d - a +0 buckler (worn)
Jewellery
 n - a cursed -3 ring of protection (left tentacle)
Wands
 s - a wand of acid (5/15)
Scrolls
 o - a scroll of random uselessness
Potions
 g - 2 potions of curing
 i - a potion of invisibility {unknown}
 j - a potion of degeneration {unknown}
 p - a potion of brilliance {unknown}
Books
 b - the Papyrus of Creation

   Spells                             Type                      Level
   a - Summon Small Mammal            Summoning                    1
   b - Call Canine Familiar           Summoning                    3
Comestibles
 f - a royal jelly
 h - 2 meat rations
 k - a beef jerky
 r - 2 bread rations


   Skills:
 - Level 3.0 Fighting
 * Level 1.9 Polearms
 - Level 2.0 Throwing
 * Level 1.7 Dodging
 * Level 4.1 Stealth
 + Level 0.2 Shields
 + Level 3.4 Spellcasting


You had 8 spell levels left.
You knew the following spells:

 Your Spells              Type           Power        Failure   Level  Hunger
a - Summon Small Mammal   Summ           #...         38%         1    #......


Dungeon Overview and Level Annotations

Branches:
Dungeon (3/15)

Altars:
Nemelex Xobeh
Vehumet


Innate Abilities, Weirdness & Mutations

You cannot wear most types of armour.
You are very stealthy in the water. (Stealth+)
You are amphibious.
You can wear up to eight rings at the same time.
You can use your tentacles to constrict eight enemies at once.
Your skin changes colour to match your surroundings (Stealth+).
Your rubbery body absorbs attacks. (AC +1, EV +1)


Message History

The orc is moderately wounded.
The orc hits you. The orc barely misses you.
You barely miss the orc. You grab the orc.
The orc is moderately wounded.
You constrict the orc. The orc hits you. The orc hits you with a flail.
A hobgoblin comes into view. It is wielding a club.
You release your grip on the orc.
The hobgoblin moves out of view.
The orc misses you.
You climb upwards.
There is a stone staircase leading down here.
You completely miss the orc. Your grab misses the orc.
Your squeeze misses the orc.
The orc is heavily wounded.
The orc hits you with a club. The orc hits you but does no damage.
You hit the orc but do no damage. Your grab misses the orc.
The orc is heavily wounded.
The orc hits you with a club.
* * * LOW HITPOINT WARNING * * *
The orc hits you with a flail!
You die...

#.##........#....#####
#.##.......##........#
#.##..)....##...####.#
####.##..............##.#
#........(....###.##.##.#
#.##.#........# #.##.##.#
#...<......#### #.......#
#..#.#.###.#########.####
#......###.##..@..##.#
##.#.##.......oo#.##.#
#.#.##.##.##.#......#
#.#.##.##.##.###.####
#.........##.###.#
############.....#
#######


You could see 2 orcs.

Vanquished Creatures
  Ijyb (D:2)
  2 adders (D:2)
  2 worms
  A dart slug (D:1)
  An orc (D:3)
  7 giant cockroaches
  4 goblins
  6 hobgoblins
  2 jackals (D:1)
  3 kobolds
  A ball python (D:2)
  6 bats
  5 frilled lizards
  8 rats
49 creatures vanquished.

Notes
Turn   | Place    | Note
-------+----------+-------------------------------------------
     0 | D:1      | thirtiethelement the Octopode Wanderer began the quest for the Orb.
     0 | D:1      | thirtiethelement set off with: a +0 spear, the Papyrus of Creation, a bread ration
     0 | D:1      | Reached XP level 1. HP: 16/16 MP: 4/4
     2 | D:1      | Learned a level 1 spell: Summon Small Mammal
     7 | D:1      | Found a sparkling altar of Nemelex Xobeh.
   178 | D:1      | Reached XP level 2. HP: 21/21 MP: 6/6
   311 | D:1      | Reached skill level 2 in Stealth
   317 | D:1      | Reached skill level 1 in Polearms
   489 | D:1      | Reached XP level 3. HP: 18/26 MP: 7/7
   945 | D:2      | Reached skill level 3 in Stealth
  1093 | D:2      | Reached XP level 4. HP: 8/31 MP: 9/9
  1383 | D:2      | Found a radiant altar of Vehumet.
  1383 | D:2      | Noticed Ijyb
  1393 | D:2      | Killed Ijyb
  1530 | D:2      | Reached skill level 4 in Stealth
  1629 | D:2      | Slain by an orc

Skill      XL: |  1  2  3  4 |
---------------+-------------+-----
Stealth        | 2 3 4 |  4.1
Polearms       | 1 |  1.9
Fighting       | |  3.0
Throwing       | |  2.0
Dodging        | |  1.7
Shields        | |  0.2
Spellcasting   | |  3.4

Action                   |  1- 3 |  4- 6 || total
-------------------------+-------+-------++-------
Melee: Spear             |    91 |    43 ||   134
       Constrict         |    21 |     5 ||    26
       Tentacles         |    15 |     2 ||    17
  Use: Scroll            |     3 |     1 ||     4
       Potion            |       |     1 ||     1
 Stab: Sleeping          |    11 |     4 ||    15
       Distracted        |       |     1 ||     1
  Eat: Bread ration      |     1 |       ||     1
Armor: Skin              |     3 |       ||     3
Dodge: Dodged            |    28 |    17 ||    45
Block: Buckler           |     6 |     6 ||    12
